 Dungeon Crawl Stone Soup version 0.21-a0-88-g13b9641 (webtiles) character file.

161 HAL9000 the Skirmisher (level 5, -1/62 HPs)
             Began as an Ogre Hunter on June 26, 2017.
             Killed by nerve-wracking pain
             ... invoked by Grinder
              (12 damage)
             ... on level 3 of the Dungeon.
             The game lasted 00:04:22 (2860 turns).

HAL9000 the Skirmisher (Ogre Hunter)                Turns: 2860, Time: 00:04:23

Health: -1/62      AC:  3    Str: 17    XL:     5   Next: 42%
Magic:  5/5        EV: 10    Int: 12    God:
Gold:   131        SH:  0    Dex:  9    Spells: 4/4 levels left

rFire    . . .     SeeInvis .   j - +0 mace
rCold    . . .     Gourm    .   (no shield)
rNeg     . . .     Faith    .   b - +0 robe
rPois    .         Spirit   .   (helmet restricted)
rElec    .         Reflect  .   t - scarf {cloud immunity}
rCorr    .         Harm     .   (gloves unavailable)
MR       .....                  (boots unavailable)
Stlth    +.........             (no amulet)
HPRegen  0.20/turn              (no ring)
MPRegen  0.09/turn              (no ring)

@: no status effects
A: unfitting armour, tough skin 1
a: no special abilities


You were on level 3 of the Dungeon.
You were very hungry.

You visited 1 branch of the dungeon, and saw 3 of its levels.

You collected 131 gold pieces.

Inventory:

Hand Weapons
 j - a +0 mace (weapon)
Missiles
 c - 3 large rocks (quivered)
 d - 2 throwing nets
Armour
 b - a +0 robe (worn)
 t - a scarf of cloud immunity (worn)
Jewellery
 u - an uncursed ring of flight {unknown}
Wands
 v - a wand of random effects (21/48)
Scrolls
 l - 2 scrolls of identify {unknown}
 m - a scroll of enchant weapon {unknown}
 n - a scroll of noise {unknown}
 r - a scroll of recharging {unknown}
 x - 2 scrolls of teleportation {unknown}
 y - a scroll of fog {unknown}
Potions
 i - a potion of heal wounds {unknown}
 k - a potion of curing
 q - a potion of might {unknown}
 w - a potion of mutation {unknown}
Comestibles
 f - 2 bread rations
 o - 3 royal jellies
 p - 2 meat rations


   Skills:
 + Level 7.2 Fighting
 - Level 4.0 Throwing
 - Level 1.7 Dodging
 - Level 0.6 Stealth


You had 4 spell levels left.
You didn't know any spells.

Dungeon Overview and Level Annotations

Branches:
Dungeon (3/15)

Altars:

Annotations:
D:3 Grinder


Innate Abilities, Weirdness & Mutations

You are too large for most types of armour.
You have tough skin. (AC +1)


Message History

Grinder says, "There's only one good use for a tongue: cutting it out."
Grinder gestures at you. You resist with significant effort. Grinder hits you!
* * * LOW HITPOINT WARNING * * *
Okay, then.
Okay, then.
Grinder gestures at you. Pain shoots through your body!
* * * LOW HITPOINT WARNING * * *
Throwing (i - inventory. (,) - cycle):
c - 4 large rocks (quivered)
Press: ? - help, Shift-Dir - straight line, f - Grinder
Aim: Grinder (lightly wounded)
You throw a large rock. The large rock barely misses Grinder.
Grinder blinks!
Unknown command.
Grinder gestures at you. You resist with significant effort.
Grinder says, "My boss said I was rubbish.
His entrails said otherwise."
Grinder gestures at you. Pain shoots through your body!
You die...

......# #.. ....#.# #.# ### #
....#.# +###.## ..# .# ....#†#
......## #.# ##.# ###.#.#
#...###.##... ####.#
##5.........#
#....############....#.#.#..####
#.#...........#..(.............#
#.#.#####.###.#@#......#.#.###.
#...#####.###§..########...<#
######.....(.##.# ###..#
####.##.#### ##.# #.##.# #.#
#....# #.. ###### ####


You could see Grinder.

Vanquished Creatures
  Natasha (thrice) (D:2)
  Robin (D:2)
  An adder (D:1)
  A worm (D:2)
  3 dart slugs
  A leopard gecko (D:1)
  3 giant cockroaches
  22 goblins
  5 hobgoblins
  2 quokkas
  A ball python (D:2)
  4 bats
  5 frilled lizards
  2 kobolds (D:1)
  2 rats
56 creatures vanquished.

Notes
Turn   | Place    | Note
-------+----------+-------------------------------------------
     0 | D:1      | HAL9000 the Ogre Hunter began the quest for the Orb.
     0 | D:1      | Reached XP level 1. HP: 22/22 MP: 1/1
    24 | D:1      | Reached skill level 3 in Fighting
   349 | D:1      | Reached XP level 2. HP: 28/32 MP: 2/2
   446 | D:1      | Reached skill level 4 in Fighting
   840 | D:1      | Reached XP level 3. HP: 40/40 MP: 3/3
  1137 | D:2      | Noticed Natasha
  1147 | D:2      | Reached skill level 5 in Fighting
  1149 | D:2      | Killed Natasha
  1149 | D:2      | Reached XP level 4. HP: 30/52 MP: 4/4
  1196 | D:2      | Noticed Natasha
  1204 | D:2      | Killed Natasha
  1204 | D:2      | Reached skill level 6 in Fighting
  1344 | D:2      | Noticed Natasha
  1363 | D:2      | Killed Natasha
  1363 | D:2      | Reached XP level 5. HP: 49/61 MP: 5/5
  1863 | D:2      | Noticed Robin
  2226 | D:2      | Reached skill level 7 in Fighting
  2247 | D:2      | Killed Robin
  2818 | D:3      | Noticed Grinder
  2822 | D:3      | Paralysed by Grinder for 6 turns
  2860 | D:3      | Killed from afar by Grinder

Vault maps used:
D:1:      lemuel_arrival_room
D:2:      first_bread, uniq_natasha, uniq_robin
D:3:      zin_angel, uniq_grinder

Skill      XL: |  1  2  3  4  5 |
---------------+----------------+-----
Fighting       | 3 4 5 6 7 |  7.2
Throwing       | |  4.0
Dodging        | |  1.7
Stealth        | |  0.6

Action                   |  1- 3 |  4- 6 || total
-------------------------+-------+-------++-------
Melee: Short sword       |    31 |       ||    31
       Mace              |    83 |    86 ||   169
Throw: Large rock        |     2 |     7 ||     9
  Use: Potion            |       |     1 ||     1
  Eat: Chunk             |     1 |     4 ||     5
Armor: Robe              |    61 |    31 ||    92
Dodge: Dodged            |    92 |    90 ||   182
